 Dungeon Crawl Stone Soup version 0.21.1-1-g345015f (webtiles) character file.

494 equalderp2856 the Shield-Bearer (level 6, -23/55 HPs)
             Began as a Minotaur Fighter on May 2, 2018.
             Annihilated by an ogre
             ... wielding a +0 giant club
              (25 damage)
             ... on level 3 of the Dungeon.
             The game lasted 00:03:38 (3714 turns).

equalderp2856 the Shield-Bearer (Minotaur Fighter)  Turns: 3714, Time: 00:03:39

Health: -23/55     AC:  8    Str: 22    XL:     6   Next: 92%
Magic:  5/5        EV:  8    Int:  6    God:
Gold:   133        SH: 10    Dex:  9    Spells: 5/5 levels left

rFire    . . .     SeeInvis .   a - +0 war axe
rCold    . . .     Gourm    .   c - +0 shield
rNeg     . . .     Faith    .   b - +0 scale mail
rPois    .         Spirit   .   (helmet restricted)
rElec    .         Reflect  .   (no cloak)
rCorr    .         Harm     .   (no gloves)
MR       .....                  r - +0 pair of boots
Stlth    ..........             (no amulet)
HPRegen  0.18/turn              (no ring)
MPRegen  0.09/turn              (no ring)

@: no status effects
A: retaliatory headbutt, horns 2
a: no special abilities


You were on level 3 of the Dungeon.
You were not hungry.

You visited 1 branch of the dungeon, and saw 4 of its levels.

You collected 133 gold pieces.

Inventory:

Hand Weapons
 a - a +0 war axe (weapon)
 y - a +0 spear of freezing
Armour
 b - a +0 scale mail (worn)
 c - a +0 shield (worn)
 r - a +0 pair of boots (worn)
Jewellery
 q - an uncursed amulet of magic regeneration {unknown}
Wands
 x - a wand of polymorph (7)
Scrolls
 g - 2 scrolls of magic mapping {unknown}
 i - 3 scrolls of enchant armour {unknown}
 j - 2 scrolls of fog {unknown}
 n - 6 scrolls of identify {unknown}
 p - a scroll of random uselessness {unknown}
 u - 2 scrolls of remove curse {unknown}
 v - a scroll of teleportation {unknown}
 w - a scroll of amnesia {unknown}
Potions
 d - 2 potions of might
 e - 3 potions of heal wounds {unknown}
 h - 2 potions of brilliance {unknown}
 k - a potion of mutation {unknown}
 l - a potion of flight {unknown}
 m - a potion of haste {unknown}
 o - a potion of resistance
 s - a potion of invisibility {unknown}
 t - a potion of ambrosia {unknown}
Comestibles
 f - 10 rations


   Skills:
 + Level 4.8 Fighting
 + Level 5.4 Axes
 + Level 5.6 Armour
 + Level 1.0 Dodging
 + Level 0.1 Stealth
 + Level 5.7 Shields


You had 5 spell levels left.
You didn't know any spells.

Dungeon Overview and Level Annotations

Branches:
Dungeon (4/15)
 Temple: D:4-7

Altars:
Elyvilon
Fedhas
Qazlal
Sif Muna
Vehumet
Yredelemnul


Innate Abilities, Weirdness & Mutations

You reflexively headbutt those who attack you in melee.
You have a pair of horns on your head.


Message History

You are too injured to fight recklessly!
You are too injured to fight recklessly!
You are too injured to fight recklessly!
You are too injured to fight recklessly!
You are too injured to fight recklessly!
You are too injured to fight recklessly!
You are too injured to fight recklessly!
You are too injured to fight recklessly!
You are too injured to fight recklessly!
You are too injured to fight recklessly!
You are too injured to fight recklessly!
Unknown command.
You see here 10 stones.
There is a stone staircase leading up here.
The ogre hits you with a giant club!!
* * * LOW HITPOINT WARNING * * *
You climb upwards.
There is a stone staircase leading down here.
The ogre hits you with a giant club!!
You die...

#####.((รท...##.##.###.......#
#######.##.##(# ##.P...##
#.##.##.# #PP.P.# #.##..#.#
#.P_P.# #o###.#.#


#.PPPP# ###o# #.#.# ##.P.## #...# #...# ##### #.######.O# #.......@>#
########### You could see an ogre.

Vanquished Creatures
  2 orc priests
  3 orc wizards
  Natasha (thrice) (D:4)
  2 bullfrog skeletons (D:4)
  Jessica (D:2)
  A hound skeleton (D:4)
  4 gnolls (D:3)
  6 adders
  A worm (D:4)
  3 dart slugs
  5 leopard geckos
  8 orcs
  2 ball pythons
  3 giant cockroaches
  5 goblins
  6 hobgoblins
  5 jackals
  6 kobolds
  A quokka (D:4)
  8 bats
  6 frilled lizards
  7 rats
88 creatures vanquished.

Notes
Turn   | Place    | Note
-------+----------+-------------------------------------------
     0 | D:1      | equalderp2856 the Minotaur Fighter began the quest for the Orb.
     0 | D:1      | Reached XP level 1. HP: 19/19 MP: 0/0
   176 | D:1      | Reached XP level 2. HP: 27/27 MP: 1/1
   884 | D:2      | Found a basalt altar of Yredelemnul.
   986 | D:2      | Noticed Jessica
   992 | D:2      | Reached XP level 3. HP: 27/33 MP: 2/2
   999 | D:2      | Killed Jessica
  1300 | D:2      | Reached XP level 4. HP: 40/40 MP: 3/3
  1766 | D:2      | Found a white marble altar of Elyvilon.
  1965 | D:3      | Reached skill level 5 in Shields
  1965 | D:3      | Reached XP level 5. HP: 44/47 MP: 4/4
  2559 | D:3      | Found a stormy altar of Qazlal.
  2567 | D:3      | Found a blossoming altar of Fedhas.
  3190 | D:4      | Reached skill level 5 in Armour
  3190 | D:4      | Reached XP level 6. HP: 55/55 MP: 5/5
  3212 | D:4      | Noticed Natasha
  3215 | D:4      | Found a deep blue altar of Sif Muna.
  3218 | D:4      | Killed Natasha
  3405 | D:4      | Noticed Natasha
  3410 | D:4      | Killed Natasha
  3410 | D:4      | Reached skill level 5 in Axes
  3428 | D:4      | Noticed Natasha
  3431 | D:4      | Killed Natasha
  3540 | D:4      | Reached skill level 1 in Dodging
  3620 | D:4      | Found a radiant altar of Vehumet.
  3712 | D:4      | HP: 2/55 [ogre/giant club (23)]
  3714 | D:3      | Annihilated by an ogre

Skill      XL: |  1  2  3  4  5  6 |
---------------+-------------------+-----
Armour         | 4 5 |  5.6
Shields        | 4 5 |  5.7
Fighting       | 4 |  4.8
Axes           | 3 4 5 |  5.4
Dodging        | 1 |  1.0
Stealth        | |  0.1

Action                   |  1- 3 |  4- 6 || total
-------------------------+-------+-------++-------
Melee: War axe           |    76 |   163 ||   239
       Headbutt          |     7 |    38 ||    45
  Eat: Chunk             |     1 |     8 ||     9
Armor: Scale mail        |    26 |    56 ||    82
Dodge: Dodged            |    22 |    57 ||    79
Block: Shield            |    51 |   108 ||   159
